 Dungeon Crawl Stone Soup version 0.21.0-3-g78d12a8 (webtiles) character file.

12913 Gorice the Carver (level 11, -8/81 HPs)
             Began as a Demonspawn Fighter on Jan 13, 2018.
             Was a Priest of Makhleb.
             Mangled by a death yak (15 damage)
             ... on level 9 of the Dungeon.
             The game lasted 00:54:32 (15333 turns).

Gorice the Carver (Demonspawn Fighter)             Turns: 15333, Time: 00:54:33

Health: -8/81      AC: 19    Str: 24    XL:     11   Next: 68%
Magic:  13/13      EV: 12    Int: 10    God:    Makhleb [***...]
Gold:   572        SH:  5    Dex: 18    Spells: 10/10 levels left

rFire    + + .     SeeInvis +   a - +5 long sword
rCold    . . .     Gourm    .   x - +0 buckler
rNeg     . . .     Faith    .   L - +0 plate armour
rPois    .         Spirit   .   (helmet unavailable)
rElec    .         Reflect  .   I - +0 cloak
rCorr    .         Harm     .   (no gloves)
MR       .....                  A - +0 pair of boots
Stlth    ..........             (no amulet)
HPRegen  0.23/turn              z - ring "Etowu" {Wiz rF++}
MPRegen  0.13/turn              (no ring)

@: mighty, agile
A: antennae 3, thin metallic scales 1, nightstalker 1, powered by pain 3
a: Minor Destruction, Lesser Servant of Makhleb, Renounce Religion


You were on level 9 of the Dungeon.
You worshipped Makhleb.
Makhleb was most pleased with you.
You were hungry.

You visited 2 branches of the dungeon, and saw 11 of its levels.

You collected 596 gold pieces.
You spent 24 gold pieces at shops.

Inventory:

Hand Weapons
 a - a +5 long sword (weapon)
 b - a +1 hunting sling of velocity
   (You took it off Joseph on level 8 of the Dungeon)
 e - a +0 short sword of electrocution
   (You found it on level 3 of the Dungeon)
 k - a +1 long sword
Missiles
 o - 68 bolts
 s - 119 sling bullets
 v - 5 tomahawks (quivered)
 M - 6 javelins
 Y - 332 stones
 Z - a throwing net
Armour
 c - a +0 shield
 x - a +0 buckler (worn)
 y - a +0 chain mail
 A - a +0 pair of boots (worn)
 I - a +0 cloak (worn)
 J - the +3 ring mail "Namepu Maol" {rF+}
   (You found it on level 9 of the Dungeon)

   It protects you from fire.
 K - a +1 scale mail
 L - a +0 plate armour (worn)
Jewellery
 z - the ring "Etowu" (left hand) {Wiz rF++}
   (You took it off an orc priest on level 6 of the Dungeon)

   [ring of wizardry]

   It improves your spell success rate.
   It greatly protects you from fire.
Wands
 B - a wand of digging (9)
 G - a wand of clouds (5)
Scrolls
 l - 5 scrolls of remove curse
 m - 2 scrolls of enchant armour
 p - 4 scrolls of enchant weapon
 C - 3 scrolls of amnesia
 D - 2 scrolls of blinking
 E - a scroll of fear {!r}
Potions
 d - a potion of might {!q}
 g - 3 potions of curing
 h - 2 potions of flight
 i - 2 potions of mutation {!q}
 j - 2 potions of cancellation {!q}
 q - a potion of invisibility {unknown}
 r - 2 potions of lignification {!q}
 t - a potion of ambrosia {unknown}
 w - a potion of brilliance {unknown}
 F - a potion of magic {unknown}
Miscellaneous
 H - a fan of gales
Comestibles
 f - 20 rations


   Skills:
 + Level 6.2 Fighting
 + Level 12.8 Long Blades
 + Level 10.3 Armour
 - Level 2.6 Shields
 + Level 3.7 Invocations


You had 10 spell levels left.
You didn't know any spells.

Dungeon Overview and Level Annotations

Branches:
Dungeon (10/15)            Temple (1/1) D:4            Lair (0/6) D:10
    Orc: D:9-12

Altars:
Ashenzari
Cheibriados
Dithmenos
Elyvilon
Fedhas
Gozag
Hepliaklqana
Kikubaaqudgha
Makhleb
Nemelex Xobeh
Okawaru
Qazlal
Ru
Sif Muna
Trog
Uskayaw
Vehumet
Wu Jian
Xom
Yredelemnul
Zin
The Shining One

Shops:
D:8 *

Annotations:
D:3 2h ogre!!!!


Innate Abilities, Weirdness & Mutations

You have a pair of large antennae on your head. (SInv)
You are partially covered in thin metallic scales. (AC +2)
You are slightly more attuned to the shadows.
You are powered by pain.


Message History

You see here 9 arrows.
You block the death yak's attack.
You climb upwards.
There is a stone staircase leading down, spattered with blood here.
Things that are here:
a flail; a short sword Really quaff
u - a potion of agility {!q}?
You feel agile all of a sudden. The death yak gores you.
Damage: 1 (max 1)
You barely miss the death yak. The death yak gores you!
You focus on the pain.
You feel more agile all of a sudden.
Damage: 15 (max 15)
You slash the death yak!
The death yak is lightly wounded.
Your plate armour prevents you from hitting the death yak.
The death yak is lightly wounded.
The death yak gores you!!
You focus on the pain.
You feel very mighty all of a sudden.
Damage: 18 (max 18)
You slash the death yak!
The death yak is moderately wounded.
The death yak gores you!
* * * LOW HITPOINT WARNING * * *
Damage: 17 (max 18)
You slash the death yak!
The death yak is moderately wounded.
Really quaff
d - 2 potions of might {!q}?
You feel mightier all of a sudden.
The death yak gores you but does no damage.
You hit the death yak but do no damage.
The death yak is moderately wounded.
The death yak gores you!
* * * LOW HITPOINT WARNING * * *
Damage: 7 (max 18)
You slash the death yak!
The death yak is heavily wounded.
The death yak barely misses you.
You hit the death yak.
The death yak is heavily wounded.
The death yak gores you!
* * * LOW HITPOINT WARNING * * *
Damage: 17 (max 18)
You barely miss the death yak.
The death yak is heavily wounded.
The death yak gores you but does no damage.
You slash the death yak!
The death yak is severely wounded.
The death yak gores you!
You die...

#......##.......##'#####.........
............>....#.....#.........
.................#.....#.........
.................#.....#.........
................##....##.........
................##....##.....(##.
.###...###########....##########.
..##...##......[##.....# #..
........#......)@Y.....# #..
........#......[######## ##.
...._...'.......##.....# ##
........#..............#
..#######.......##.....#
####...#######'###.....#
...#.............#.....#
...#.............#....##
...#.............#....##


You could see a death yak.

Vanquished Creatures
  Gastronok (D:9)
  Harold (D:10)
  2 two-headed ogres
  Urug (D:10)
  A death yak (D:9)
  A wizard (D:8)
  Pikel (D:5)
  2 orc sorcerers (D:7)
  Psyche (D:9)
  A gargoyle (D:10)
  Joseph (D:8)
  A komodo dragon (D:9)
  A troll (D:7)
  2 hippogriffs
  A spriggan (D:7)
  6 yaks (D:8)
  Eustachio (D:5)
  Grum (D:9)
  Menkaure (D:5)
  Duvessa (D:5)
  2 porcupines (D:9)
  A sky beast (D:10)
  A water moccasin (D:8)
  An ice beast (D:6)
  A slave (D:5)
  3 orc warriors
  A phantom (D:8)
  2 centaurs
  2 wolves (D:9)
  An ogre (D:7)
  A big kobold (D:9)
  A bullfrog (D:8)
  Dowan (D:5)
  A water moccasin zombie (D:10)
  2 scorpions
  A howler monkey (D:7)
  An electric eel (D:8)
  8 crimson imps
  A quasit (D:3)
  2 bullfrog zombies
  5 jellies
  2 hounds
  6 orc priests
  A bullfrog skeleton (D:4)
  9 orc wizards
  2 iguanas
  8 worker ants
  A hell rat (D:9)
  A killer bee zombie (D:7)
  2 hound skeletons
  A gnoll (D:8)
  A howler monkey skeleton (D:9)
  15 adders
  A river rat (D:10)
  3 shadow imps
  An ooze (D:4)
  An adder zombie (D:6)
  A worm (D:2)
  2 dart slugs
  3 leopard geckos
  34 orcs
  5 bats
  7 giant cockroaches
  12 goblins
  9 hobgoblins
  12 jackals
  5 quokkas
  3 ball pythons
  5 frilled lizards
  2 jackal skeletons (D:4)
  9 kobolds
  2 leopard gecko zombies
  A quokka skeleton (D:4)
  12 rats
246 creatures vanquished.

Vanquished Creatures (others)
  A slave (D:5)
  4 toadstools (D:1)
5 creatures vanquished.

Grand Total: 251 creatures vanquished

Notes
Turn   | Place    | Note
-------+----------+-------------------------------------------
     0 | D:1      | Gorice the Demonspawn Fighter began the quest for the Orb.
     0 | D:1      | Reached XP level 1. HP: 18/18 MP: 1/1
    16 | D:1      | Reached skill level 2 in Long Blades
    95 | D:1      | Gained mutation: You are partially covered in thin metallic scales. (AC +2) [demonic ancestry]
    95 | D:1      | Reached XP level 2. HP: 24/24 MP: 2/2
   159 | D:1      | You fall through a shaft!
   184 | D:2      | Reached skill level 3 in Armour
   229 | D:2      | Gained mutation: You have a pair of small antennae on your head. [demonic ancestry]
   229 | D:2      | Reached XP level 3. HP: 22/29 MP: 3/3
   337 | D:2      | Reached skill level 3 in Long Blades
   622 | D:1      | Gained mutation: You sometimes gain a little power by taking damage. [demonic ancestry]
   622 | D:1      | Reached XP level 4. HP: 35/35 MP: 4/4
  1179 | D:3      | Found a basalt altar of Yredelemnul.
  1385 | D:3      | Reached skill level 4 in Long Blades
  1385 | D:3      | Gained mutation: You sometimes gain power by taking damage. [demonic ancestry]
  1385 | D:3      | Reached XP level 5. HP: 35/41 MP: 5/5
  2598 | D:3      | Reached skill level 4 in Armour
  2761 | D:4      | Gained mutation: You have a pair of antennae on your head. [demonic ancestry]
  2761 | D:4      | Reached XP level 6. HP: 47/47 MP: 6/6
  2851 | D:3      | Reached skill level 5 in Long Blades
  2966 | D:4      | Found an iron altar of Okawaru.
  2970 | D:4      | Found a sparkling altar of Nemelex Xobeh.
  3260 | D:4      | HP: 13/47 [shadow imp/nerve-wracking pain (10)]
  3496 | D:4      | Found a staircase to the Ecumenical Temple.
  3512 | Temple   | Entered the Ecumenical Temple
  3644 | Temple   | Became a worshipper of Makhleb the Destroyer
  3699 | D:4      | Noticed a two-headed ogre
  3923 | D:5      | Entered Level 5 of the Dungeon
  3923 | D:5      | Noticed Eustachio
  3941 | D:5      | Killed Eustachio
  3941 | D:5      | Gained mutation: You are powered by pain. [demonic ancestry]
  3941 | D:5      | Reached XP level 7. HP: 47/52 MP: 7/7
  3963 | D:5      | Found a bloodstained altar of Trog.
  3974 | D:5      | Noticed Duvessa
  4004 | D:5      | Killed Duvessa
  4004 | D:5      | Reached skill level 6 in Long Blades
  4158 | D:5      | Noticed Pikel
  5149 | D:5      | Found a sparkling altar of Nemelex Xobeh.
  5161 | D:5      | Noticed Dowan
  5181 | D:5      | Killed Dowan
  5181 | D:5      | Reached skill level 5 in Armour
  5191 | D:5      | HP: 22/78 [Pikel/whip of electrocution (16)]
  5196 | D:5      | Killed Pikel
  5196 | D:5      | Reached skill level 7 in Long Blades
  5196 | D:5      | Gained mutation: You are slightly more attuned to the shadows. [demonic ancestry]
  5196 | D:5      | Reached XP level 8. HP: 26/58 MP: 8/8
  5411 | D:5      | Noticed Menkaure
  5420 | D:5      | Killed Menkaure
  5690 | D:6      | Reached skill level 6 in Armour
  5758 | D:6      | Found a glowing silver altar of Zin.
  5886 | D:6      | Reached skill level 8 in Long Blades
  6407 | D:6      | Got a slimy brass ring
  6408 | D:6      | Identified the ring "Etowu" {Wiz rF++} (You took it off an orc priest on level 6 of the Dungeon)
  7177 | D:7      | Reached skill level 9 in Long Blades
  7177 | D:7      | Reached XP level 9. HP: 33/63 MP: 9/9
  7997 | D:7      | Reached * piety under Makhleb
  8003 | D:7      | Reached skill level 7 in Armour
  8247 | D:8      | Noticed a troll
  8310 | D:7      | Killed a troll
  8479 | D:8      | Paralysed by an orc sorcerer for 5 turns
  8480 | D:8      | Noticed an orc sorcerer
  8496 | D:7      | Killed an orc sorcerer
  8496 | D:7      | Reached skill level 10 in Long Blades
  8534 | D:8      | Noticed an orc sorcerer
  8536 | D:8      | Noticed a red devil
  8548 | D:7      | Paralysed by an orc sorcerer for 5 turns
  8554 | D:7      | HP: 4/63 [orc sorcerer/bolt of negative energy (29)]
  8559 | D:7      | Noticed a hellwing
  8560 | D:7      | HP: 14/63 [hellwing[an orc sorcerer] (6)]
  8563 | D:7      | Killed an orc sorcerer
  8917 | D:8      | Noticed a two-headed ogre
  8937 | D:8      | HP: 17/63 [two-headed ogre/giant club (7)]
  8938 | D:8      | Killed a two-headed ogre
  8938 | D:8      | Reached skill level 8 in Armour
  8938 | D:8      | Reached XP level 10. HP: 19/70 MP: 10/10
  9397 | D:8      | HP: 20/70 [electric eel/bolt of electricity (12)]
  9398 | D:8      | Reached skill level 11 in Long Blades
  9665 | D:8      | Noticed a wizard
  9677 | D:8      | Killed a wizard
  9874 | D:8      | Found Vimooloa's General Store.
  9878 | D:8      | Bought a scroll of identify for 24 gold pieces
 10133 | D:9      | Noticed Gastronok
 10157 | D:9      | Found a shimmering altar of Xom.
 10782 | D:9      | Got a brightly glowing ring mail
 10786 | D:9      | Noticed a two-headed ogre
 10814 | D:8      | Identified the +3 ring mail "Namepu Maol" {rF+} (You found it on level 9 of the Dungeon)
 10880 | D:9      | Killed a two-headed ogre
 10880 | D:9      | Reached skill level 12 in Long Blades
 10880 | D:9      | Reached skill level 9 in Armour
 10900 | D:9      | Noticed Joseph
 11831 | D:8      | Killed Joseph
 11992 | D:9      | HP: 18/70 [Gastronok/the air (17)]
 11999 | D:9      | Killed Gastronok
 11999 | D:9      | Reached ** piety under Makhleb
 11999 | D:9      | Reached skill level 4 in Fighting
 11999 | D:9      | Gained mutation: You have a pair of large antennae on your head. (SInv) [demonic ancestry]
 11999 | D:9      | Reached XP level 11. HP: 52/78 MP: 11/11
 12003 | D:9      | --typical: killed Gastro who had decent hat but
 12003 | D:9      | --level up in process and get antennae 3!
 12010 | D:9      | Noticed Psyche
 12021 | D:9      | Killed Psyche
 12042 | D:9      | HP: 23/78 [acid (4)]
 12293 | D:9      | Found a hide-covered altar of Uskayaw.
 12616 | D:10     | Entered Level 10 of the Dungeon
 13063 | D:9      | Reached skill level 5 in Fighting
 13214 | D:10     | Noticed Urug
 13232 | D:10     | HP: 22/79 [Urug/enchanted long sword (10)]
 13239 | D:10     | Killed Urug
 13441 | D:10     | Noticed a death yak
 13616 | D:10     | Reached skill level 10 in Armour
 13624 | D:10     | Found a staircase to the Lair.
 13942 | D:10     | Reached skill level 1 in Invocations
 14172 | D:10     | Noticed Harold
 14260 | D:10     | Killed Harold
 14260 | D:10     | Reached skill level 2 in Invocations
 14347 | D:10     | Noticed a death yak
 14584 | D:10     | Reached skill level 6 in Fighting
 14682 | D:10     | Noticed Grum
 14810 | D:9      | Reached *** piety under Makhleb
 14810 | D:9      | Reached skill level 3 in Invocations
 14831 | D:9      | Killed Grum
 15046 | D:9      | HP: 24/81 [death yak (10)]
 15052 | D:9      | HP: 9/121 [death yak (6)]
 15053 | D:9      | Killed a death yak
 15319 | D:10     | Noticed a death yak
 15329 | D:9      | HP: 23/81 [death yak (7)]
 15331 | D:9      | HP: 7/81 [death yak (17)]
 15333 | D:9      | Mangled by a death yak

Skill      XL: |  1  2  3  4  5  6  7  8  9 10 11 |
---------------+----------------------------------+-----
Long Blades    | 2 3 4 5 7 9 10 12 | 12.8
Armour         | 3 4 5 6 8 9 10 | 10.3
Fighting       | 4 6 |  6.2
Invocations    | 3 |  3.7
Shields        | |  2.6

Action                   |  1- 3 |  4- 6 |  7- 9 | 10-12 || total
-------------------------+-------+-------+-------+-------++-------
Melee: Long sword        |   112 |   247 |   348 |   541 ||  1248
       Short sword       |       |       |     2 |       ||     2
 Fire: Hunting sling     |       |       |       |    10 ||    10
Throw: Tomahawk          |       |     1 |    13 |    13 ||    27
Evoke: Wand              |       |       |     4 |     2 ||     6
  Use: Scroll            |       |    11 |     3 |     2 ||    16
       Potion            |       |       |     4 |    10 ||    14
  Eat: Chunk             |       |    10 |    13 |    17 ||    40
       Ration            |       |       |     1 |     1 ||     2
Armor: Scale mail        |    66 |   159 |   144 |    24 ||   393
       Ring mail         |       |       |       |   128 ||   128
       Skin              |       |       |       |     2 ||     2
       Plate armour      |       |       |       |    68 ||    68
Dodge: Dodged            |    35 |    92 |   103 |   165 ||   395
Block: Shield            |    51 |   129 |   138 |    27 ||   345
       Buckler           |       |       |       |    69 ||    69
       Rpst.: Long sword |    12 |    23 |    29 |    47 ||   111

Table legend:
 A = Turns spent in this place as a percentage of turns spent in the entire game.
 B = Non-inter-level travel turns spent in this place as a percentage of non-inter-level travel turns spent in the entire game.
 C = Inter-level travel turns spent in this place as a percentage of turns spent in this place.
 D = Turns resting spent in this place as a percentage of non-inter-level travel turns spent in this place.
 E = Turns spent auto-exploring this place as a percentage of non-inter-level travel turns spent in this place.
 F = Non-inter-level travel turns spent in this place divided by the number of levels of this place that you've seen.
                   A       B       C       D       E      F
               +-------+-------+-------+-------+-------+----------------------
         Total | 100.0 | 100.0 |   4.9 |  40.7 |  24.7 | 1325.6
       Dungeon |  99.0 |  99.1 |   4.8 |  41.1 |  24.0 | 1444.8
        Temple |   1.0 |   0.9 |  11.8 |   0.0 |  95.5 | 134.0
               +-------+-------+-------+-------+-------+----------------------

Vault maps used:
D:1:      ldierk_water_garden
D:3:      nicolae_overflow_crystal_walls
D:4:      minitemple, temple_hall, first_ration, serial_glass, glass_columns_a,
          glass_columns_c, minmay_small_thing
D:5:      bloody_trog, nemelex_spade_bored_becter, uniq_menkaure, uniq_duvessa,
          uniq_pikel, uniq_blork_the_orc, uniq_eustachio
D:6:      lemuel_doored_altar
D:7:      the_bakery, hangedman_abyss_or_decor_stagger
D:8:      cheibrodos_wizards_tower, serial_shops, shop, kennysheep_dice
D:9:      overflow_temple_1_default, lemuel_crystal_altar, uniq_joseph,
          uniq_psyche, uniq_gastronok
D:10:     dpeg_lair_monsters, minmay_orc_keep, uniq_harold, uniq_urug, uniq_grum
Temple:   regret_index_temple_waves
